AoeStats
← Dk

Nomad

504674986Analyzed
4v4 RM · 25d ago on Sep 6, 2026· 48m 15s· 8 players
Game mode
Random Map
Map size
231×231
Population
200
Speed
Normal
Resources
Standard
Victory
Conquest
Starting age
Dark Age
Ending age
Imperial Age
RankedLock teamsTeams togetherTeam positionsShared explorationLock speedFull tech treeHidden civsTurbo modeCheats
Victory
Defeat
🇹🇼 Persians · Taiwan
1617
+13
🇭🇰 Mongols · Hong Kong SAR China
1611
+13
🇨🇳 Saracens · China
1540
+16
🇹🇼 Spanish · Taiwan
1529
+17
🇦🇺 Celts · Australia
1679
-19
🇺🇸 Malians · United States
1623
-18
🇫🇷 Vikings · France
1456
-11
🇳🇿 Italians · New Zealand
1451
-11
elmor
4:43 Loom
14:00 Feudal Age
19:24 Castle Age
19:07 Fletching
39:02 Wheelbarrow
45:13 Imperial Age
46:21 Capped Ram
47:39 Spies/Treason
Dk
5:19 Loom
13:29 Feudal Age
14:30 Double-Bit Axe
17:47 Castle Age
15:41 Double-Bit Axe
18:27 Medium Warships
19:12 Bow Saw
21:53 Horse Collar
24:39 Wheelbarrow
26:52 Town Watch
29:25 Scale Barding Armor
29:30 Forging
32:42 Imperial Age
30:57 Bloodlines
30:47 Husbandry
31:07 Chain Barding Armor
30:56 Gold Mining
30:34 Light Cavalry
32:19 Cavalier
33:44 Plate Barding Armor
34:16 Iron Casting
35:17 Hand Cart
35:29 Savar
38:58 Blast Furnace
38:04 Fletching
38:04 Hussar
39:19 Conscription
43:38 Masonry
44:10 Hoardings
44:29 Spies/Treason
48:16 Sappers
SY_Msfu
4:49 Loom
13:05 Feudal Age
17:28 Castle Age
15:58 Double-Bit Axe
16:46 Stone Mining
17:42 Town Watch
23:09 Fletching
26:44 Horse Collar
30:55 Bow Saw
37:40 Imperial Age
35:57 Gold Mining
37:09 Wheelbarrow
38:31 Bodkin Arrow
39:02 Hand Cart
39:11 Padded Archer Armor
40:16 Conscription
40:09 Bracer
41:20 Gold Shaft Mining
42:07 Stone Shaft Mining
43:25 Elite Mangudai
47:57 Pikeman
47:58 Man-at-Arms
48:39 Squires
香辣鸡翅
5:45 Loom
13:19 Feudal Age
17:11 Castle Age
15:42 Double-Bit Axe
16:44 Stone Mining
16:48 Gold Mining
23:58 Town Watch
37:30 Imperial Age
36:00 Horse Collar
37:35 Wheelbarrow
39:07 Conscription
40:08 Elite Mameluke
43:31 Heavy Plow
43:42 Bow Saw
43:55 Hand Cart
44:06 Scale Barding Armor
44:12 Forging
45:34 Chain Barding Armor
47:15 Two-Man Saw
46:56 Iron Casting
48:20 Plate Barding Armor
47:59 Bloodlines
47:49 Husbandry
49:13 Gold Shaft Mining
antorse31
4:31 Loom
12:33 Feudal Age
14:35 Fletching
16:37 Fishing Lines
21:20 Castle Age
20:50 Double-Bit Axe
22:05 Forging
22:28 Bow Saw
22:32 Medium Warships
22:36 Town Watch
22:15 Crossbowman
22:51 Bodkin Arrow
26:31 Ballistics
27:10 Padded Archer Armor
29:57 Horse Collar
33:47 Gillnets
37:48 Imperial Age
36:06 Leather Archer Armor
38:02 Masonry
38:22 Scale Mail Armor
38:33 Bracer
38:03 Arbalester
40:17 Chemistry
39:54 Conscription
41:22 Architecture
40:58 Siege Engineers
40:32 Pikeman
41:13 Squires
Not Ben
3:32 Loom
13:31 Feudal Age
18:40 Castle Age
17:55 Fletching
19:17 Bodkin Arrow
20:36 Double-Bit Axe
21:19 Medium Warships
22:09 Wheelbarrow
22:09 Bow Saw
27:34 Fishing Lines
28:53 Padded Archer Armor
29:30 Gold Mining
31:42 Leather Archer Armor
35:58 Imperial Age
33:37 Gillnets
35:27 Ballistics
36:35 Forging
36:25 Scale Mail Armor
37:42 Chemistry
37:41 Bracer
39:28 Arson
41:52 Chain Mail Armor
42:13 Iron Casting
42:09 Ring Archer Armor
43:59 Ring Archer Armor
Pez
5:21 Loom
7:36 Loom
14:38 Feudal Age
14:46 Man-at-Arms
16:27 Town Watch
23:22 Castle Age
21:15 Fletching
26:03 Sanctity
27:08 Double-Bit Axe
Benedict Cucumberpatch
11:38 Feudal Age
12:11 Double-Bit Axe
13:54 Fishing Lines
18:34 Castle Age
16:59 Fletching
17:02 Gold Mining
17:46 Horse Collar
19:32 Medium Warships
19:20 Bodkin Arrow
23:09 Heavy Plow
25:36 Gillnets
34:30 Imperial Age
34:16 Wheelbarrow
36:35 Husbandry
36:45 Bloodlines
35:57 Cavalier
37:22 Wheelbarrow
36:32 Loom
36:35 Heavy Camel Rider
37:55 Conscription
38:06 Scale Barding Armor
38:12 Forging
38:19 Tigui
Connection lost

Rejoining the realm…

Still unreachable

The connection could not be restored.

Session expired

The server has moved on; the page needs a fresh start.